 Dungeon Crawl Stone Soup version 0.28-a0-535-g6f645e4c1d (webtiles) character file.

Game seed: 15581888782504408566

404 funkygono the Stinger (level 7, 0/48 HPs)
             Began as a Formicid Venom Mage on Sept 26, 2021.
             Slain by a water moccasin (7 damage)
             ... on level 5 of the Dungeon.
             The game lasted 00:10:20 (6238 turns).

funkygono the Stinger (Formicid Venom Mage)         Turns: 6238, Time: 00:10:20

Health: 0/48       AC:  2    Str: 13    XL:     7   Next: 12%
Magic:  11/13      EV: 12    Int: 16    God:
Gold:   169        SH:  0    Dex: 11    Spells: 8/14 levels left

rFire   x . .      SeeInvis +   c - +1 whip
rCold   + . .      Faith    .   (no shield)
rNeg    . . .      Spirit   .   a - +0 robe
rPois   .          Reflect  .   (helmet unavailable)
rElec   .          Harm     .   (no cloak)
rCorr   .          Rampage  .   (no gloves)
Will    .....                   (no boots)
Stlth   ++........              d - amulet of the acrobat
HPRegen 0.16/turn               j - ring of ice
MPRegen 0.13/turn               (no ring)

@: lethally poisoned (0 -> -4)
A: permanent stasis, dig shafts and tunnels, antennae 3, four strong arms
a: Dig, Shaft Self


You were on level 5 of the Dungeon.
You visited 1 branch of the dungeon, and saw 5 of its levels.

You collected 169 gold pieces.

Inventory:

Hand Weapons
 c - a +1 whip (weapon)
Missiles
 b - 115 stones
Armour
 a - a +0 robe (worn)
Magical Staves
 e - a staff of cold
Jewellery
 d - an amulet of the acrobat (around neck)
 j - a ring of ice (left hand)
Scrolls
 f - 2 scrolls of amnesia
Potions
 g - 2 potions of attraction
 i - a potion of brilliance {unknown}
 k - a potion of lignification {unknown}
 l - a potion of cancellation {unknown}
 m - a potion of curing {unknown}


   Skills:
 + Level 1.0 Fighting
 + Level 1.6 Maces & Flails
 + Level 2.2 Dodging
 - Level 2.4 Stealth
 * Level 4.3 Spellcasting
 * Level 0.5 Conjurations
 + Level 2.6 Transmutations
 * Level 1.2 Fire Magic
 * Level 6.3 Poison Magic


You had 8 spell levels left.
You knew the following spells:

 Your Spells              Type           Power      Damage    Failure   Level
a - Sting                 Tmut/Pois      68%        1d6       2%          1
b - Olgreb's Toxic Radia  Pois           23%        N/A       12%         4
c - Foxfire               Conj/Fire      24%        2x1d5     11%         1

Your spell library contained the following spells:

 Spells                   Type           Power      Damage    Failure   Level
 Poisonous Vapours        Pois/Air       26%        N/A       7%          2
 Shock                    Conj/Air       16%        1d4       14%         1
 Mephitic Cloud           Conj/Pois/Air  10%        N/A       19%         3
 Conjure Flame            Conj/Fire      6%         6-21      32%         3
 Inner Flame              Hex/Fire       5%         N/A       36%         3
 Flame Wave               Conj/Fire      6%         3d4       73%         4
 Airstrike                Air            1%         N/A       85%         4
 Swiftness                Air            Unusable   N/A       N/A         3

Dungeon Overview and Level Annotations

Branches:
Dungeon (5/15)
 Temple: D:4-7

Altars:
Cheibriados
Dithmenos
Elyvilon
Sif Muna

Shops:
D:2 =


Innate Abilities, Weirdness & Mutations

You cannot be hasted, slowed, berserked, paralysed or teleported.
You can dig through walls and to a lower floor.
You have a pair of large antennae on your head. (SInv)
Your four strong arms can wield two-handed weapons with a shield.


Message History

Aiming: Sting (safe; 2% risk of failure)
Press: ? - help, Shift-Dir - straight line, f - water moccasin
Aim: a water moccasin (lightly wounded, 57% to hit)
The sting hits the water moccasin.
The water moccasin is poisoned.
The water moccasin is lightly wounded.
Unknown command.
Casting: Sting (safe; 2% risk of failure)
Confirm with . or Enter, or press ? or * to list all spells.
Aiming: Sting (safe; 2% risk of failure)
Press: ? - help, Shift-Dir - straight line, f/p - water moccasin
Aim: a water moccasin (lightly wounded, poisoned, 57% to hit)
The sting misses the water moccasin.
The water moccasin bites you.
You are poisoned.
The water moccasin poisons you!
Unknown command.
You barely miss the water moccasin.
The water moccasin is lightly wounded.
You feel very sick. The water moccasin bites you.
You hit the water moccasin.
The water moccasin is moderately wounded.
You feel very sick. The water moccasin bites you. x2
You barely miss the water moccasin.
The water moccasin is heavily wounded.
You feel very sick. The water moccasin bites you!
* * * LOW HITPOINT WARNING * * *
You miss the water moccasin.
The water moccasin is heavily wounded.
You feel sick. The water moccasin misses you.
The water moccasin closely misses you.
You closely miss the water moccasin.
The water moccasin is heavily wounded.
You feel sick. The water moccasin bites you.
* * * LOW HITPOINT WARNING * * *
You closely miss the water moccasin.
The water moccasin is heavily wounded.
You feel sick. The water moccasin misses you. The water moccasin bites you!
You die...

#.##.##...........
#.##.....########.
#.##.##..#
..#####.##.##.....
...........##.###.#
.###<##.#####.# ..
#.#####.#. .#
#.##......... .
#...@S.....#
........."......
....../#########
######. #. #. ##


You could see a water moccasin (poisoned).

Vanquished Creatures
  A scorpion (D:4)
  A water moccasin skeleton (D:4)
  2 orc priests (D:4)
  A gnoll shaman (D:3)
  A killer bee zombie (D:4)
  A hound skeleton (D:4)
  A mummy (D:4)
  5 gnolls
  3 adders
  An adder skeleton (D:4)
  5 worms
  3 dart slugs
  3 orcs (D:4)
  8 endoplasms
  A giant cockroach (D:1)
  A goblin (D:1)
  6 hobgoblins
  2 quokkas
  9 ball pythons
  7 bats
  A frilled lizard (D:2)
  A hobgoblin zombie (D:4)
  6 kobolds
  2 kobold zombies (D:4)
  An orc zombie (D:4)
  6 rats
79 creatures vanquished.

Vanquished Creatures (others)
  66 foxfires
  17 plants (D:4)
83 creatures vanquished.

Grand Total: 162 creatures vanquished

Notes
Turn   | Place    | Note
-------+----------+-------------------------------------------
     0 | D:1      | funkygono the Formicid Venom Mage began the quest for the
                  | Orb.
     0 | D:1      | Reached XP level 1. HP: 13/13 MP: 3/3
   336 | D:1      | Reached XP level 2. HP: 18/19 MP: 1/5
   950 | D:2      | Reached XP level 3. HP: 24/24 MP: 4/6
   983 | D:2      | Found Toru's Jewellery Boutique.
  1061 | D:2      | Reached skill level 5 in Poison Magic
  1782 | D:2      | Reached XP level 4. HP: 31/31 MP: 6/8
  2986 | D:3      | Found a shimmering blue altar of Sif Muna.
  3244 | D:3      | Learned a level 4 spell: Olgreb's Toxic Radiance
  3246 | D:3      | Learned a level 1 spell: Foxfire
  3324 | D:4      | HP: 1/31 [gnoll (5)]
  3327 | D:3      | Reached XP level 5. HP: 2/36 MP: 3/10
  3704 | D:3      | Reached skill level 1 in Maces & Flails
  4269 | D:4      | Found a white marble altar of Elyvilon.
  4337 | D:4      | Reached skill level 6 in Poison Magic
  4337 | D:4      | Reached XP level 6. HP: 35/42 MP: 3/11
  5024 | D:4      | Reached skill level 1 in Fire Magic
  5244 | D:4      | Reached skill level 1 in Fighting
  5244 | D:4      | Reached XP level 7. HP: 28/48 MP: 9/13
  5416 | D:4      | Found a snail-covered altar of Cheibriados.
  5610 | D:4      | Found a shadowy altar of Dithmenos.
  6176 | D:5      | Entered Level 5 of the Dungeon
  6227 | D:5      | Noticed a water moccasin
  6238 | D:5      | Slain by a water moccasin

Illustrated notes

Levels and vault maps discovered:
D:1:      dpeg_arrival_radiant, layout_rooms,
          hangedman_abyss_or_decor_lesser_grid, chequers_serial_rivers_small_3,
          corexii_item_surrounded_by_moat
D:2:      layout_basic, serial_shops, nicolae_shop_behind_doors
D:3:      minmay_bubble_buster, layout_loops_corners,
          mainiacjoe_overflow_tiny_flanked, chequers_arboretum
D:4:      layout_basic, cheibrodos_worm_habitat,
          mainiacjoe_overflow_cross_hatched, elyvilon_altar_3,
          minmay_mini_ossuary
D:5:      layout_loops_ring, uniq_sigmund

Skill      XL: |  1  2  3  4  5  6 |
---------------+-------------------+-----
Poison Magic   | 5 6 |  6.3
Spellcasting   | 3 4 |  4.3
Transmutations | 2 |  2.6
Dodging        | 2 |  2.2
Maces & Flails | 1 |  1.6
Fire Magic     | 1 |  1.2
Fighting       | 1 |  1.0
Stealth        | |  2.4
Conjurations   | |  0.5

Action                   |  1- 3 |  4- 6 |  7- 9 || total
-------------------------+-------+-------+-------++-------
Melee: Whip              |    31 |   120 |    21 ||   172
 Cast: Sting             |    37 |    59 |     8 ||   104
       Foxfire           |       |    24 |    15 ||    39
  Use: Scroll            |     1 |     5 |     1 ||     7
Armor: Robe              |     3 |    19 |     2 ||    24
Dodge: Dodged            |    18 |   121 |     7 ||   146

Table legend: (Time is in decaauts)
 A = Elapsed time spent in this place.
 B = Non-inter-level travel time spent in this place.
 C = Inter-level travel time spent in this place.
 D = Time resting spent in this place.
 E = Time spent auto-exploring this place.
 F = Levels seen in this place.
 G = Mean time per level.
                   A        B        C        D        E       F      G
               +--------+--------+--------+--------+--------+-----+--------+
         Total |   6264 |   6132 |    132 |   1029 |   4216 |   5 | 1252.8 |
       Dungeon |   6264 |   6132 |    132 |   1029 |   4216 |   5 | 1252.8 |
               +--------+--------+--------+--------+--------+-----+--------+

Top non-repeatable levels by time:
     D:4: 2176 daAuts
     D:3: 2137 daAuts
     D:2: 1263 daAuts
     D:1: 624 daAuts
     D:5: 61 daAuts
